Map: Newkirk Precinct TE (Void)

Players

oliM - Winner!

  • Race: Protoss Protoss
  • League: Grandmaster
  • Spawn Location: 5:00

ƷGoBruno

  • Race: Terran Terran
  • League: Diamond
  • Spawn Location: 7:00

VOD

Have the link to the VOD?

Description

Time

  • Played on: Dec. 3, 2016, 11:46 p.m.
  • Length: 9:46
Show
View Real Time Build Order
Export as new Build Order

oliM Protoss - Winner!

Build Orders: 1 Gate Expand, Blink Stalkers 

Get SALT Encoding   

  12  0:01  Probe (Chrono Boost)  
  13  0:12  Probe (Chrono Boost)  
  14  0:18  Pylon  
  14  0:22  Probe (Chrono Boost)  
  15  0:36  Probe (Chrono Boost)  
  15  0:38  Gateway  
  16  0:47  Probe (Chrono Boost)  
  16  0:49  Assimilator  
  17  0:58  Probe (Chrono Boost)  
  18  1:08  Probe (Chrono Boost)  
  19  1:21  Nexus  
  20  1:30  Cybernetics Core  
  19  1:34  Probe (Chrono Boost)  
  20  1:40  Assimilator  
  20  1:44  Probe (Chrono Boost)  
  21  1:53  Pylon  
  21  1:55  Probe (Chrono Boost)  
  22  2:11  Mothership Core (Chrono Boost)  
  22  2:12  Adept  
  25  2:21  Warp Gate  
  25  2:29  Probe (Chrono Boost)  
  26  2:34  Probe (Chrono Boost)  
  27  2:39  Probe (Chrono Boost)  
  28  2:45  Probe (Chrono Boost)  
  28  2:50  Probe (Chrono Boost)  
  30  2:54  Twilight Council  
  30  2:55  Probe (Chrono Boost)  
  31  3:00  Probe (Chrono Boost)  
  32  3:06  Probe (Chrono Boost)  
  32  3:11  Probe (Chrono Boost)  
  34  3:14  Sentry  
  34  3:15  Gateway  
  34  3:16  Gateway  
  34  3:17  Probe (Chrono Boost)  
  37  3:22  Probe (Chrono Boost)  
  38  3:27  Probe (Chrono Boost), Blink (Chrono Boost)  
  39  3:36  Probe  
  39  3:37  Probe  
  41  3:43  Pylon  
  41  3:47  Robotics Facility  
  41  3:49  Probe x2  
  43  3:59  Pylon  
  43  4:00  Probe  
  43  4:01  Probe  
  45  4:08  Assimilator  
  45  4:10  Probe  
  45  4:13  Probe  
  47  4:21  Probe  
  48  4:25  Stalker x2, Probe  
  48  4:26  Stalker  
  55  4:33  Probe  
  55  4:34  Observer (Chrono Boost)  
  55  4:37  Probe  
  58  4:39  Forge  
  58  4:42  Pylon  
  58  4:43  Pylon  
  58  4:45  Probe  
  59  4:53  Observer (Chrono Boost)  
  59  4:55  Probe  
  59  4:57  Assimilator  
  62  5:00  Probe  
  62  5:01  Gateway  
  62  5:07  Gateway  
  62  5:08  Stalker x2  
  62  5:09  Stalker  
  62  5:11  Probe  
  69  5:17  Immortal (Chrono Boost)  
  71  5:24  Protoss Ground Weapons Level 1 (Chrono Boost)  
  71  5:28  Pylon  
  71  5:33  Stalker  
  71  5:34  Stalker  
  75  5:37  Stalker  
  77  5:44  Probe  
  77  5:46  Probe  
  79  5:56  Robotics Bay, Probe  
  80  5:58  Probe  
  80  5:59  Stalker  
  80  6:00  Adept  
  85  6:08  Probe  
  85  6:10  Resonating Glaives (Chrono Boost)  
  86  6:15  Nexus  
  86  6:16  Pylon  
  86  6:29  Pylon  
  86  6:31  Dark Shrine  
  86  6:35  Probe x2  
  86  6:38  Pylon  
  88  6:41  Adept  
  88  6:44  Disruptor (Chrono Boost)  
  88  6:47  Probe x2  
  94  6:48  Sentry  
  94  6:51  Adept  
  99  6:54  Adept  
  99  6:59  Probe x2  
  103  7:06  Gateway  
  103  7:11  Probe x2  
  105  7:16  Assimilator  
  105  7:21  Assimilator  
  104  7:23  Probe x2  
  104  7:25  Disruptor (Chrono Boost)  
  104  7:26  Probe  
  110  7:33  Adept x2, Gateway  
  110  7:35  Probe x2  
  114  7:37  Pylon  
  114  7:40  Stalker x2  
  118  7:46  Pylon  
  118  7:47  Probe x2  
  118  7:52  Stalker  
  118  7:53  Stalker x2  
  118  7:57  Disruptor (Chrono Boost)  
  127  8:01  Probe  
  127  8:03  Probe  
  129  8:06  Dark Templar  
  129  8:10  Dark Templar  
  133  8:14  Probe  
  134  8:24  Dark Templar  
  134  8:26  Probe  
  137  8:27  Adept x2  
  137  8:29  Pylon  
  140  8:35  Probe  
  141  8:43  Pylon  
  141  8:44  Pylon  
  141  8:47  Disruptor (Chrono Boost), Pylon  
  144  8:50  Nexus  
  144  8:52  Pylon  
  142  9:01  Stalker x5  
  142  9:02  Stalker x2  
  150  9:10  Assimilator  
  150  9:14  Assimilator  
  143  9:34  Stalker x3  
  143  9:35  Stalker x4  
Show
View Real Time Build Order
Export as new Build Order

ƷGoBruno Terran 

Build Orders: Reaper Expand, MMM Bio 

Get SALT Encoding   

  12  0:00  SCV  
  13  0:13  SCV  
  14  0:18  Supply Depot  
  14  0:25  SCV  
  15  0:40  SCV  
  15  0:42  Barracks  
  16  0:46  Refinery  
  16  0:52  SCV  
  17  1:04  SCV  
  18  1:16  SCV  
  19  1:29  Reaper, Orbital Command  
  20  1:46  Command Center  
  20  1:55  SCV  
  21  2:01  Barracks  
  21  2:06  Barracks Reactor  
  21  2:07  SCV  
  22  2:19  SCV, Supply Depot  
  23  2:23  Refinery  
  23  2:32  Factory  
  23  2:40  SCV  
  23  2:42  Marine x2  
  25  2:52  Barracks Tech Lab, SCV  
  26  3:00  Marine x2  
  26  3:02  Orbital Command  
  26  3:04  SCV  
  29  3:11  Marine  
  30  3:14  Stimpack  
  30  3:19  SCV  
  31  3:23  Starport  
  30  3:29  SCV  
  30  3:31  Marine  
  30  3:32  SCV  
  32  3:38  Marine  
  32  3:41  Factory Reactor, SCV  
  34  3:44  SCV  
  34  3:47  Marine  
  36  3:53  SCV  
  37  3:56  SCV  
  37  3:57  Engineering Bay  
  38  4:05  SCV  
  38  4:07  Marine x3  
  42  4:14  Supply Depot  
  42  4:22  Medivac x2  
  46  4:26  Terran Infantry Weapons Level 1  
  46  4:29  Supply Depot  
  46  4:36  SCV x2, Marine x3  
  51  4:38  Supply Depot  
  51  4:48  SCV x2  
  53  4:53  Marine x2  
  55  5:00  SCV, Command Center, Refinery  
  55  5:01  SCV  
  57  5:12  SCV  
  57  5:14  Marauder, Marine, SCV  
  60  5:21  Marine  
  62  5:22  Medivac x2  
  62  5:24  SCV  
  62  5:25  Supply Depot, Combat Shields  
  69  5:28  SCV  
  69  5:31  Refinery  
  69  5:37  Marine  
  70  5:43  Supply Depot  
  70  5:46  Marine  
  70  5:47  Marauder, Supply Depot  
  73  5:55  Marine  
  74  6:03  SCV x2  
  76  6:04  Marine  
  76  6:06  Supply Depot  
  76  6:08  Marauder  
  79  6:13  Marine  
  79  6:17  Orbital Command  
  80  6:18  Supply Depot  
  80  6:22  Marine  
  80  6:24  Terran Infantry Armor Level 1  
  81  6:29  Marauder  
  81  6:31  Marine  
  84  6:35  Factory Tech Lab  
  84  6:38  Supply Depot, Barracks  
  84  6:40  Marine  
  84  6:41  Orbital Command  
  84  6:42  Barracks  
  84  6:44  Medivac, Concussive Shells  
  87  6:51  Marauder  
  87  6:52  SCV x2, Marine  
  92  6:57  Marine  
  93  7:02  Medivac  
  93  7:05  Supply Depot  
  93  7:07  SCV x3  
  98  7:12  Marauder  
  100  7:19  Marine  
  101  7:24  Marine  
  101  7:27  Barracks  
  101  7:29  SCV  
  103  7:33  Engineering Bay  
  103  7:34  Marauder, Armory  
  104  7:38  Marine  
  104  7:39  Marauder  
  105  7:46  Marine  
  90  7:55  Marauder  
  90  7:56  Marine  
  92  8:00  Marauder  
  92  8:04  Marine  
  85  8:05  Barracks Tech Lab  
  85  8:08  Medivac  
  87  8:13  SCV x2  
  87  8:14  SCV, Marine  
  87  8:16  Marauder  
  93  8:21  Barracks Tech Lab  
  93  8:22  Marauder, Marine  
  93  8:24  Refinery  
  96  8:31  Marauder  
  96  8:32  Marine  
  99  8:38  Marauder  
  99  8:40  Marine  
  102  8:43  Marauder  
  103  8:50  Marine  
  103  8:52  Marauder  
  98  8:59  Marauder  
  92  9:03  Marauder, Marine  
  92  9:04  Marauder  
  96  9:14  Marine  
  96  9:15  Marauder  
  69  9:21  Marauder  
Tags
 
Add a new tag
Caveats
  • Supply blocks, unpowered buildings, or Contaminate may cause inaccurate times.
  • Supply counts are checked every 10 seconds.